 Dungeon Crawl Stone Soup version 0.26.1-2-gb8aa6d0cf2 (webtiles) character file.

Game seed: 9016741411693645400

1463 Gabide the Poker (level 8, -3/48 HPs)
             Began as a Gargoyle Monk on Feb 26, 2021.
             Was a Priest of Nemelex Xobeh.
             Slain by a killer bee (5 damage)
             ... on level 8 of the Dungeon.
             The game lasted 00:16:16 (6310 turns).

Gabide the Poker (Gargoyle Monk)                    Turns: 6310, Time: 00:16:17

Health: -3/48      AC: 14    Str: 22    XL:     8   Next: 77%
Magic:  10/10      EV: 13    Int: 11    God:    Nemelex Xobeh [***...]
Gold:   272        SH:  0    Dex: 13    Spells: 7/7 levels left

rFire    . . .     SeeInvis .   x - +0 battleaxe
rCold    + . .     Faith    .   (shield currently unavailable)
rNeg     + . .     Spirit   .   r - +3 leather armour {rC+}
rPois    ∞         Reflect  .   (no helmet)
rElec    +         Harm     .   (no cloak)
rCorr    .         Rampage  .   d - +0 pair of gloves
Will     .....                  c - +0 pair of boots
Stlth    ++........             o - amulet of magic regeneration
HPRegen  0.16/turn              m - +6 ring of strength
MPRegen  0.37/turn              (no ring)

@: no status effects
A: negative energy resistance 1, electricity resistance, unbreathing,
petrification resistance, miasma immunity, AC +5
a: Renounce Religion, Draw Escape, Draw Destruction, Draw Summoning, Triple Draw


You were on level 8 of the Dungeon.
You worshipped Nemelex Xobeh.
Nemelex Xobeh was most pleased with you.
You visited 1 branch of the dungeon, and saw 7 of its levels.

You collected 272 gold pieces.

Inventory:

Hand Weapons
 x - a +0 battleaxe (weapon)
Missiles
 l - 2 boomerangs (quivered)
 q - 26 poisoned darts
Armour
 c - a +0 pair of boots (worn)
 d - a +0 pair of gloves (worn)
 h - a +0 chain mail
 r - a +3 leather armour of cold resistance (worn)
 y - a +0 plate armour
Jewellery
 m - a +6 ring of strength (left hand)
 o - an amulet of magic regeneration (around neck)
 u - an uncursed amulet of guardian spirit {unknown}
Wands
 t - a wand of flame (25)
Scrolls
 s - 2 scrolls of amnesia
Potions
 a - 2 potions of might {unknown}
 b - 2 potions of invisibility {unknown}
 e - a potion of degeneration {unknown}
 f - a potion of cancellation {unknown}
 g - 2 potions of flight
 i - a potion of mutation {unknown}
 j - 3 potions of haste {unknown}
 k - a potion of resistance {unknown}
 n - 2 potions of heal wounds {unknown}
 p - 3 potions of curing {unknown}
 v - a potion of attraction {unknown}


   Skills:
 + Level 4.8 Fighting
 * Level 3.5(5.6) Axes
 - Level 6.9(7.3) Polearms
 + Level 2.9 Armour
 + Level 4.1 Dodging
 - Level 2.4 Stealth
 * Level 3.1 Invocations


You had 7 spell levels left.
You didn't know any spells.
Your spell library contained the following spells:

 Spells                   Type           Power        Failure   Level
 Corona                   Hex            0%           38%         1
 Ensorcelled Hibernation  Hex/Ice        0%           52%         2
 Confusing Touch          Hex            0%           77%         3
 Dazzling Flash           Conj/Hex       0%           77%         3
 Tukima's Dance           Hex            0%           77%         3


Dungeon Overview and Level Annotations

Branches:
Dungeon (8/15)             Temple (0/1) D:7
   Lair: D:8-11

Altars:
Cheibriados
Nemelex Xobeh
Trog


Innate Abilities, Weirdness & Mutations

You are resistant to torment.
Your stone body is resilient. (AC +5)
You are immune to poison.
You resist negative energy. (rN+)
You are resistant to electric shocks. (rElec)
You can survive without breathing.
You are immune to petrification.
You are immune to miasma.


Message History

The killer bee stings you but does no damage.
The killer bee misses you. The killer bee barely misses you.
You see here 2 poisoned darts.
The killer bee stings you.
* * * LOW HITPOINT WARNING * * *
You draw a card...
You have drawn Velocity.
The killer bee seems to slow down. x2
The killer bee closely misses you. The killer bee stings you.
* * * LOW HITPOINT WARNING * * *
You closely miss the killer bee.
The killer bee is heavily wounded.
The killer bee stings you!
* * * LOW HITPOINT WARNING * * *
The killer bee misses you.
Found 10 sling bullets.
Okay, then.
You draw a card...
You have drawn Velocity.
The killer bee seems to slow down.
The killer bee stings you.
You die...
Your body glows with a rainbow of weird colours and disappears.

.......#
#.##.#####..
#.###### #.##.#
#.# #.##.#
#.########.##c#
#..........##(#
#############.#
#.# #.######.#
#.yy@(...#
##########


You could see 2 killer bees.

Vanquished Creatures
  A steam dragon (D:7)
  A water moccasin (D:8)
  2 orc warriors
  A sky beast (D:7)
  A phantom (D:7)
  A scorpion (D:6)
  3 killer bees
  A jelly (D:6)
  4 hounds
  A bullfrog skeleton (D:3)
  A centaur skeleton (D:7)
  An iguana (D:6)
  2 orc wizards (D:6)
  3 worker ants
  A hound skeleton (D:6)
  15 adders
  A white imp (D:7)
  An ufetubus (D:6)
  3 worms
  3 dart slugs
  4 leopard geckos
  6 orcs
  16 bats
  2 giant cockroaches
  7 goblins
  5 hobgoblins
  10 jackals
  7 kobolds
  4 quokkas
  A ball python (D:6)
  11 frilled lizards
  A jackal zombie (D:6)
  A quokka skeleton (D:6)
  6 rats
128 creatures vanquished.

Vanquished Creatures (collateral kills)
  Menkaure (D:6)
1 creature vanquished.

Vanquished Creatures (others)
  A withered plant (D:8)
1 creature vanquished.

Grand Total: 130 creatures vanquished

Notes
Turn   | Place    | Note
-------+----------+-------------------------------------------
     0 | D:1      | Gabide the Gargoyle Monk began the quest for the Orb.
     0 | D:1      | Reached XP level 1. HP: 14/14 MP: 1/1
   144 | D:1      | Reached XP level 2. HP: 7/19 MP: 2/2
   146 | D:1      | Reached skill level 3 in Polearms
   582 | D:1      | Reached XP level 3. HP: 14/23 MP: 3/3
  1593 | D:2      | Reached XP level 4. HP: 21/28 MP: 4/4
  1890 | D:2      | Found a bloodstained altar of Trog.
  2050 | D:2      | Reached skill level 4 in Polearms
  2247 | D:2      | Found a sparkling altar of Nemelex Xobeh.
  2255 | D:2      | Became a worshipper of Nemelex Xobeh the Trickster
  2255 | D:2      | Reached * piety under Nemelex Xobeh
  2255 | D:2      | Received a gift from Nemelex Xobeh
  2255 | D:2      | Reached ** piety under Nemelex Xobeh
  2515 | D:3      | Reached XP level 5. HP: 33/33 MP: 5/5
  3056 | D:3      | Received a gift from Nemelex Xobeh
  3182 | D:4      | Reached skill level 1 in Armour
  3569 | D:4      | Reached XP level 6. HP: 38/38 MP: 6/6
  3569 | D:4      | Reached *** piety under Nemelex Xobeh
  3627 | D:4      | You fall into a shaft and drop 2 floors!
  3634 | D:6      | Reached skill level 5 in Polearms
  3735 | D:6      | Reached XP level 7. HP: 11/43 MP: 7/7
  4735 | D:6      | Reached skill level 6 in Polearms
  4754 | D:6      | Noticed Menkaure
  4760 | D:6      | Killed Menkaure
  4761 | D:6      | Reached skill level 1 in Invocations
  4941 | D:6      | Found a snail-covered altar of Cheibriados.
  5192 | D:7      | Found a staircase to the Ecumenical Temple.
  5226 | D:7      | Reached XP level 8. HP: 8/48 MP: 9/9
  5704 | D:7      | Reached skill level 1 in Axes
  5865 | D:7      | Received a gift from Nemelex Xobeh
  6304 | D:8      | HP: 1/48 [killer bee (7)]
  6310 | D:8      | Slain by a killer bee

Illustrated notes

Levels and vault maps discovered:
D:1:      dpeg_arrival_tiny_i, layout_loops_ring, minmay_tromino_v2
D:2:      layout_rooms, lemuel_doored_altar, nemelex_altar_shiori,
          wander_ebering_terrifying_dragon_lair
D:3:      layout_loops_ring
D:4:      layout_basic
D:6:      layout_basic, kennysheep_little_box, uniq_menkaure
D:7:      layout_rooms, minmay_temple_entry_large_hall
D:8:      layout_loops_ring, regret_index_temple_of_mockery,
          grunt_temple_overflow_open, serial_undead, serial_undead_d,
          serial_undead_a, serial_undead_e, serial_undead_f, serial_shops,
          kennysheep_mini, nicolae_alphabet_shops, david_defended_altar_orc

Skill      XL: |  1  2  3  4  5  6  7  8 |
---------------+-------------------------+-----
Polearms       | 3 4 5 6 |  6.9
Dodging        | 3 4 |  4.1
Armour         | 1 2 |  2.9
Fighting       | 4 |  4.8
Invocations    | 1 3 |  3.1
Axes           | 3 |  3.5
Stealth        | |  2.4

Action                   |  1- 3 |  4- 6 |  7- 9 || total
-------------------------+-------+-------+-------++-------
Melee: Spear             |   165 |   176 |       ||   341
       Trident           |       |    94 |   109 ||   203
       Battleaxe         |       |       |    77 ||    77
Throw: Boomerang         |       |     2 |     1 ||     3
Invok: Draw Destruction  |       |     4 |     8 ||    12
       Draw Escape       |       |       |     5 ||     5
       Draw Summoning    |       |       |     1 ||     1
  Use: Scroll            |     2 |     7 |     2 ||    11
       Potion            |       |       |     1 ||     1
 Stab: Sleeping          |     1 |     9 |     5 ||    15
Armor: Robe              |    45 |     5 |       ||    50
       Leather armour    |       |   117 |   109 ||   226
Dodge: Dodged            |   101 |   196 |   178 ||   475
